 Dungeon Crawl Stone Soup version 0.29-a0-416-g83a48905f1 (webtiles) character file.

Game seed: 39923352564330568

26 Hubjo the Firebug (level 2, 0/16 HPs)
             Began as a Deep Elf Fire Elementalist on May 16, 2022.
             Was an Initiate of Gozag.
             Slain by a rat (2 damage)
             ... on level 1 of the Dungeon.
             The game lasted 00:00:55 (1277 turns).

Hubjo the Firebug (Deep Elf Fire Elementalist)      Turns: 1277, Time: 00:00:55

Health: 0/16       AC:  2    Str:  5    XL:     2   Next: 89%
Magic:  8/8        EV: 12    Int: 19    God:    Gozag
Gold:   60         SH:  0    Dex: 15    Spells: 6/7 levels left

rFire   . . .      SeeInvis .   (no weapon)
rCold   . . .      Faith    .   (no shield)
rNeg    . . .      Spirit   .   a - +0 robe
rPois   .          Reflect  .   (no helmet)
rElec   .          Harm     .   (no cloak)
rCorr   .          Rampage  .   (no gloves)
Will    .....                   (no boots)
Stlth   ++........              (no amulet)
HPRegen 0.05/turn               (no ring)
MPRegen 0.11/turn               (no ring)

@: no status effects
A: no striking features
a: Renounce Religion, Potion Petition, Call Merchant, Bribe Branch


You were on level 1 of the Dungeon.
You worshipped Gozag.
Gozag was noncommittal.
You visited 1 branch of the dungeon, and saw 1 of its levels.

You collected 60 gold pieces.

Inventory:

Armour
 a - a +0 robe (worn)
Scrolls
 c - a scroll of brand weapon {unknown}
 d - a scroll of amnesia {unknown}
Potions
 b - a potion of magic
 e - a potion of ambrosia {unknown}


   Skills:
 * Level 1.1 Fighting
 - Level 2.4 Dodging
 + Level 3.0 Stealth
 + Level 3.4 Spellcasting
 - Level 1.1 Conjurations
 + Level 3.6 Fire Magic


You had 6 spell levels left.
You knew the following spells:

 Your Spells              Type           Power      Damage    Failure   Level
a - Foxfire               Conj/Fire      48%        2x1d6     5%          1

Your spell library contained the following spells:

 Spells                   Type           Power      Damage    Failure   Level
 Scorch                   Fire           32%        2d7       4%          2
 Conjure Flame            Conj/Fire      12%        6-21      17%         3
 Inner Flame              Hex/Fire       10%        N/A       22%         3
 Stone Arrow              Conj/Erth      10%        3d7       34%         3
 Flame Wave               Conj/Fire      12%        2d6       50%         4
 Animate Armour           Summ/Erth      6%         N/A       82%         4
 Cause Fear               Hex            1%         N/A       82%         4
 Discord                  Hex            1%         N/A       100%        8
 Lehudib's Crystal Spear  Conj/Erth      2%         10d2      100%        8


Dungeon Overview and Level Annotations

Branches:
Dungeon (1/15)

Altars:
Gozag


Message History

A bat is nearby!
A bat is nearby!
You conjure some foxfire!
You conjure some foxfire!
The foxfire hits the bat but does no damage.
The foxfire hits the bat.
You kill the bat!
Your foxfire dissipates!
Your foxfire dissipates!
You now have 60 gold pieces (gained 6).
A rat comes into view.
A rat is nearby!
The rat barely misses you. The rat misses you. The rat misses you.
The rat closely misses you. The rat bites you. The rat bites you.
The rat bites you but does no damage. The rat bites you.
The rat barely misses you. The rat closely misses you.
The rat barely misses you. The rat barely misses you.
The rat barely misses you. The rat bites you. The rat closely misses you.
The rat closely misses you. The rat closely misses you.
The rat barely misses you. The rat barely misses you.
The rat barely misses you. The rat barely misses you. The rat bites you.
The rat misses you. The rat bites you. The rat bites you.
* * * LOW HITPOINT WARNING * * *
The rat bites you.
You die...
Your body crumbles into a pile of gold.

.# .# .# ## .# #.. .#
#####.####### . .#
##.....#.....#.. .# .###
##.............#. ....## ...##
#................ ....|.
##..####).......@r...... ........
###....#.........................
####.............................
.###...#.........................
..###..#.........................
#.###............................
#...#.###.......................#
###.#...#....###.................
#..##..........................


You could see a rat.

Vanquished Creatures
  A gnoll (D:1)
  3 bats (D:1)
  An endoplasm (D:1)
  A giant cockroach (D:1)
  A hobgoblin (D:1)
  3 kobolds (D:1)
  4 ball pythons (D:1)
  3 rats (D:1)
17 creatures vanquished.

Vanquished Creatures (others)
  99 foxfires (D:1)
99 creatures vanquished.

Grand Total: 116 creatures vanquished

Notes
Turn   | Place    | Note
-------+----------+-------------------------------------------
     0 | D:1      | Hubjo the Deep Elf Fire Elementalist began the quest for
                  | the Orb.
     0 | D:1      | Reached XP level 1. HP: 10/10 MP: 6/6
   207 | D:1      | Reached XP level 2. HP: 16/16 MP: 2/8
   593 | D:1      | Reached skill level 1 in Fighting
   652 | D:1      | Found a faded altar of an unknown god.
   698 | D:1      | Prayed at the altar of an unknown god.
   698 | D:1      | Became a worshipper of Gozag Ym Sagoz the Greedy
  1277 | D:1      | Slain by a rat

Illustrated notes

Levels and vault maps discovered:
D:1:      ncdulo_watergridlock, layout_rooms, hellmonk_ecumenical_altar_run_dry

Skill      XL: |  1  2 |
---------------+-------+-----
Fighting       | 1 |  1.1
Stealth        | 3 |  3.0
Dodging        | |  2.4
Spellcasting   | |  3.4
Conjurations   | |  1.1
Fire Magic     | |  3.6

Action                   || total
-------------------------++-------
 Cast: Foxfire           ||    54
Armor: Robe              ||    48
Dodge: Dodged            ||   100

Table legend: (Time is in decaauts)
 A = Elapsed time spent in this place.
 B = Non-inter-level travel time spent in this place.
 C = Inter-level travel time spent in this place.
 D = Time resting spent in this place.
 E = Time spent auto-exploring this place.
 F = Levels seen in this place.
 G = Mean time per level.
                   A        B        C        D        E       F      G
               +--------+--------+--------+--------+--------+-----+--------+
         Total |   1277 |   1268 |      9 |      0 |    881 |   1 | 1277.0 |
       Dungeon |   1277 |   1268 |      9 |      0 |    881 |   1 | 1277.0 |
               +--------+--------+--------+--------+--------+-----+--------+

Top non-repeatable levels by time:
     D:1: 1277 daAuts
